 Dungeon Crawl Stone Soup version 0.30-a0-359-gd0147acb1a (webtiles) character file.

Game seed: 7674683246962732013

114 blackman the Sneak (level 5, -4/40 (42) HPs)
             Began as a Human Delver on Nov 11, 2022.
             Slain by a wight
             ... wielding a +5 mace
              (7 damage)
             ... on level 6 of the Dungeon.
             The game lasted 00:04:48 (664 turns).

blackman the Sneak (Human Delver)                    Turns: 664, Time: 00:04:49

HP:   -4/40 (42)    AC:  4    Str: 12    XL:     5   Next: 18%
MP:   5/5           EV: 12    Int: 19    God:
Gold: 21            SH:  0    Dex: 14    Spells: 4/4 levels left

rFire   x . .      SeeInvis +    j - +5 hand axe of Outrage {drain, rF- Int+6 SInv}
rCold   . . .      Faith    .    (no shield)
rNeg    . . .      Spirit   .    b - +0 leather armour
rPois   .          Reflect  .    (no helmet)
rElec   .          Harm     .    (no cloak)
rCorr   .          Rampage  .    (no gloves)
Will    .....                    i - +0 pair of boots
Stlth   +++.......               (no amulet)
HPRegen 0.26/turn                (no ring)
MPRegen 0.09/turn                (no ring)

@: lightly drained
A: no striking features
a: no special abilities


You were on level 6 of the Dungeon.
You visited 1 branch of the dungeon, and saw 2 of its levels.

You collected 21 gold pieces.

Inventory:

Hand Weapons
 a - a +0 falchion
 j - the +5 hand axe of Outrage (weapon) {drain, rF- Int+6 SInv}
   (You found it on level 6 of the Dungeon)

   A truly terrible weapon, it drains the life of any living foe it strikes.
   Int:       It affects your intelligence (+6).
   rF:        It makes you vulnerable to fire.
   SInv:      It lets you see invisible.
 l - a +2 long sword of freezing
Armour
 b - a +0 leather armour (worn)
 i - a +0 pair of boots (worn)
 m - a +1 robe of willpower
Wands
 g - a wand of digging (3)
 k - a wand of charming (2)
Scrolls
 c - a scroll of fog
 d - a scroll of magic mapping
 e - a scroll of fear
Potions
 f - a potion of haste
 h - a potion of attraction {unknown}


   Skills:
 + Level 3.7 Fighting
 + Level 2.9 Long Blades
 + Level 3.0 Dodging
 + Level 5.6 Stealth


You had 4 spell levels left.
You didn't know any spells.
Your spell library was empty.

Dungeon Overview and Level Annotations

Branches:
Dungeon (6/15)
 Temple: D:4-7

Altars:


Message History

l - a +2 long sword of freezing;
m - a +1 robe of willpower A wight comes into view.
It is wielding a +5 mace.
Found 14 gold pieces.
A wight comes into view.
It is wielding a +3 hand axe of freezing.
A wight comes into view. It is wielding a +3 dagger of freezing.
You see here 4 gold pieces.
You now have 21 gold pieces (gained 4).
The wight attacks as you move away! The wight hits you with a +5 mace.
You feel drained.
Aiming: Charm
Press: ? - help, Shift-Dir - straight line, f - wight, p - wight
Aim: a wight, wielding a +5 mace and wearing a +0 robe (ally target, chance to affect: 49%)
The wight resists with some effort.
Your wight hits the wight with a +0 dagger.
The wight hits you with a +5 mace.
Aiming: Charm
Press: ? - help, Shift-Dir - straight line, f/p - wight
Aim: a wight, wielding a +5 mace and wearing a +0 robe (ally target, chance to affect: 49%)
The wight resists with some effort.
Your wight hits the wight with a +0 dagger.
The wight hits you with a +5 mace!
* * * LOW HITPOINT WARNING * * *
You feel drained.
Aiming: Charm
Press: ? - help, Shift-Dir - straight line, f/p - wight
Aim: a wight, wielding a +5 mace and wearing a +0 robe (moderately damaged, ally target, chance to affect: 49%)
The wight resists with some effort.
Your wight hits the wight but does no damage.
The wight hits your wight with a +3 hand axe of freezing!
The wight hits you with a +5 mace.
* * * LOW HITPOINT WARNING * * *
Aiming: Charm
Press: ? - help, Shift-Dir - straight line, f/p - wight
Aim: a wight, wielding a +5 mace and wearing a +0 robe (moderately damaged, chance to affect: 49%)
The wight resists with some effort.
Your wight closely misses the wight.
The wight barely misses your wight.
The wight hits your wight with a +3 dagger of freezing!
Your wight is destroyed!
The wight hits you with a +5 mace!
You die...

#.......#.
################.......#.
......$................##
................######...
................# #...
................#....#...
................#....#...
................#....#...
.....z)z@.......#....####
.....z..........#....##..
................#....##..
######..........#....#...
#..........#....#)).
######.....#....')..
#.....#....##..
#.....#######..
#...........#..


You could see 3 wights.

Vanquished Creatures
  A wight (D:6)
  2 orc wizards (D:6)
  An adder (D:6)
  2 orcs (D:6)
6 creatures vanquished.

Vanquished Creatures (others)
  A wight (D:6)
1 creature vanquished.

Grand Total: 7 creatures vanquished

Notes
Turn   | Place    | Note
-------+----------+-------------------------------------------
     0 | D:5      | blackman the Human Delver began the quest for the Orb.
     0 | D:5      | Reached XP level 1. HP: 18/18 MP: 1/1
    11 | D:5      | Noticed a water moccasin
    44 | D:6      | Noticed an ogre
   105 | D:6      | Identified the +5 hand axe of Outrage {drain, rF- Int+6
                  | SInv}
   154 | D:6      | Reached XP level 2. HP: 24/24 MP: 2/2
   202 | D:6      | Reached XP level 3. HP: 28/29 MP: 3/3
   220 | D:6      | Reached XP level 4. HP: 10/35 MP: 4/4
   637 | D:6      | Noticed a wight
   641 | D:6      | Noticed a wight
   652 | D:6      | Killed a wight
   653 | D:6      | Reached XP level 5. HP: 19/42 MP: 5/5
   663 | D:6      | HP: 2/40 [wight/+5 mace (3)]
   664 | D:6      | Slain by a wight

Illustrated notes

Levels and vault maps discovered:
D:5:      lemuel_ratsnest, layout_cave_pods,
          minmay_temple_entry_drinking_statues, gammafunk_ghost_necromancy,
          grunt_decor_arrowhead
D:6:      layout_gridville

Skill      XL: |  1  2  3  4 |
---------------+-------------+-----
Dodging        | 3 |  3.0
Fighting       | |  3.7
Long Blades    | |  2.9
Stealth        | |  5.6

Action                   |  1- 3 |  4- 6 || total
-------------------------+-------+-------++-------
Melee: Hand axe          |    18 |     4 ||    22
Evoke: Wand              |       |     6 ||     6
 Stab: Distracted        |       |     1 ||     1
Armor: Leather armour    |     3 |       ||     3
Dodge: Dodged            |    15 |     2 ||    17

Table legend: (Time is in decaauts)
 A = Elapsed time spent in this place.
 B = Non-inter-level travel time spent in this place.
 C = Inter-level travel time spent in this place.
 D = Time resting spent in this place.
 E = Time spent auto-exploring this place.
 F = Levels seen in this place.
 G = Mean time per level.
                   A        B        C        D        E       F      G
               +--------+--------+--------+--------+--------+-----+--------+
         Total |    669 |    665 |      4 |    370 |    153 |   2 |  334.5 |
       Dungeon |    669 |    665 |      4 |    370 |    153 |   2 |  334.5 |
               +--------+--------+--------+--------+--------+-----+--------+

Top non-repeatable levels by time:
     D:6: 643 daAuts
     D:5: 26 daAuts
